 Dungeon Crawl Stone Soup version 0.29.0 (webtiles) character file.

Game seed: 17087293553956441350

57 XZede the Digger (level 4, -7/24 HPs)
             Began as a Gargoyle Earth Elementalist on Sept 1, 2022.
             Mangled by Sigmund
             ... wielding a +0 scythe
              (9 damage)
             ... on level 2 of the Dungeon.
             The game lasted 00:09:39 (1794 turns).

XZede the Digger (Gargoyle Earth Elementalist)      Turns: 1794, Time: 00:09:39

Health: -7/24      AC:  5    Str: 11    XL:     4   Next: 0%
Magic:  5/8        EV: 11    Int: 24    God:
Gold:   89         SH:  0    Dex: 10    Spells: 7/8 levels left

rFire   + . .      SeeInvis .   (no weapon)
rCold   + + .      Faith    .   (no shield)
rNeg    + . .      Spirit   .   a - +0 robe
rPois   ∞          Reflect  .   (no helmet)
rElec   +          Harm     .   (no cloak)
rCorr   .          Rampage  .   (no gloves)
Will    .....                   (no boots)
Stlth   +++.......              (no amulet)
HPRegen 0.08/turn               b - ring of Daffodils {+Blink Fly rF+ rC++ Stlth+}
MPRegen 0.11/turn               k - +6 ring of intelligence

@: flying
A: sickness immunity, AC +3, negative energy resistance 1, electricity
resistance, torment resistance 1, petrification resistance
a: Evoke Blink


You were on level 2 of the Dungeon.
You visited 1 branch of the dungeon, and saw 3 of its levels.

You collected 89 gold pieces.

Inventory:

Armour
 a - a +0 robe (worn)
Jewellery
 b - the ring of Daffodils (left hand) {+Blink Fly rF+ rC++ Stlth+}
   (You acquired it on level 1 of the Dungeon)

   [ring of flight]

   rF:        It protects you from fire.
   rC:        It greatly protects you from cold.
   Fly:       It grants you flight.
   +Blink:    It lets you blink.
   Stlth:     It makes you more stealthy.
 k - a +6 ring of intelligence (right hand)
Scrolls
 d - a scroll of fog {unknown}
 f - 2 scrolls of immolation
 i - a scroll of amnesia {unknown}
Potions
 c - a potion of mutation {unknown}
 e - a potion of resistance {unknown}
 g - a potion of curing {unknown}
 h - a potion of heal wounds {unknown}
 j - a potion of attraction {unknown}
 l - a potion of degeneration {unknown}


   Skills:
 - Level 1.5 Dodging
 - Level 2.1 Stealth
 * Level 2.9 Spellcasting
 + Level 1.4 Transmutations
 * Level 4.5 Earth Magic


You had 7 spell levels left.
You knew the following spells:

 Your Spells              Type           Power      Damage    Failure   Level
a - Sandblast             Erth           50%        2d12      1%          1

Your spell library contained the following spells:

 Spells                   Type           Power      Damage    Failure   Level
 Passwall                 Tmut/Erth      14%        N/A       4%          2
 Stone Arrow              Conj/Erth      28%        3d8       13%         3
 Gell's Gravitas          Tloc           3%         N/A       32%         3
 Lesser Beckoning         Tloc           3%         N/A       32%         3
 Teleport Other           Tloc           3%         N/A       32%         3
 Petrify                  Tmut/Erth      17%        N/A       32%         4


Dungeon Overview and Level Annotations

Branches:
Dungeon (3/15)

Altars:

Annotations:
D:2 Sigmund


Innate Abilities, Weirdness & Mutations

You are immune to sickness and miasma.
Your stone body is resilient. (AC +3)
You are immune to poison.
You resist negative energy. (rN+)
You are resistant to electric shocks. (rElec)
You are resistant to unholy torment.
You are immune to petrification.


Message History

Press: ? - help, Q - select action, (/) - cycle Shift-Dir - straight line You hear some strange, mumbled words.
A puff of flame appears from out of thin air!
The puff of flame misses you. Something hits you.
Aiming: Sandblast (safe; 1% risk of failure)
Press: ? - help, Q - select action, (/) - cycle Shift-Dir - straight line The blast of sand hits something.
Something hits you.
Aiming: Sandblast (safe; 1% risk of failure)
Press: ? - help, Q - select action, (/) - cycle Shift-Dir - straight line Something hits you!
* * * LOW HITPOINT WARNING * * *
Aiming: Sandblast (safe; 1% risk of failure)
Press: ? - help, Q - select action, (/) - cycle Shift-Dir - straight line, f - you That would be overly suicidal.
Okay, then.
A magic dart appears from out of thin air!
The magic dart hits you.
* * * LOW HITPOINT WARNING * * *
There is a stone staircase leading down here.
You fly downwards.
Reactivating autopickup.
Found four items.
Found a stone staircase leading down.
There is a stone staircase leading up here.
There are monsters nearby!
There are monsters nearby!
You start resting.
A goblin opens the door.
It is wielding a +0 club.
The goblin shouts!
The goblin unwields a +0 club.
The goblin wields a +0 sling.
The goblin shoots a sling bullet.
The sling bullet hits you but does no damage.
There is a stone staircase leading up here.
You can't go down here!
The goblin shoots a sling bullet.
The sling bullet hits you but does no damage.
You fly upwards.
Level annotation: Sigmund Something hits you!
You die...

#.# #.# ..# ##. #.#
#.# ... #.# #.# ..#
### #.# #.# ..# #.#
#.# ..# #.# #.# ..#
#.# #.# ..#
#.#########@#### ..#
#..............####..#
##########..##.......#
#.########.## #.# .#
#.# .# #.# .# #.# .#
#.# .#


There were no monsters in sight!

Vanquished Creatures
  2 adders (D:2)
  A worm (D:2)
  A dart slug (D:1)
  An endoplasm (D:1)
  3 giant cockroaches (D:1)
  2 goblins (D:1)
  2 hobgoblins (D:1)
  4 jackals (D:1)
  4 kobolds
  A quokka (D:1)
  4 ball pythons
  4 bats
  A frilled lizard (D:1)
  3 rats (D:1)
33 creatures vanquished.

Notes
Turn   | Place    | Note
-------+----------+-------------------------------------------
     0 | D:1      | XZede the Gargoyle Earth Elementalist began the quest for
                  | the Orb.
     0 | D:1      | Reached XP level 1. HP: 10/10 MP: 3/3
   237 | D:1      | Reached skill level 1 in Transmutations
   237 | D:1      | Reached XP level 2. HP: 15/15 MP: 3/5
   327 | D:1      | Reached skill level 4 in Earth Magic
   560 | D:1      | Found a faded altar of an unknown god.
   746 | D:1      | Reached XP level 3. HP: 14/19 MP: 6/6
  1243 | D:1      | Identified a scroll of acquirement
  1243 | D:1      | Acquired the ring of Daffodils {+Blink Fly rF+ rC++ Stlth+}
  1674 | D:2      | Reached XP level 4. HP: 24/24 MP: 4/8
  1766 | D:2      | Noticed Sigmund
  1784 | D:2      | HP: 1/24 [something/magic dart (6)]
  1794 | D:2      | Mangled by Sigmund

Illustrated notes

Levels and vault maps discovered:
D:1:      tarquinn_simple_flora_water_f, layout_basic,
          hellmonk_ecumenical_altar_lost_god, minmay_misc_feat_encased
D:2:      layout_loops_ring, uniq_natasha, uniq_sigmund
D:3:      layout_basic, mainiacjoe_overflow_cross_hatched,
          nicolae_overflow_quartered_altars, uniq_grinder

Skill      XL: |  1  2 |
---------------+-------+-----
Transmutations | 1 |  1.4
Earth Magic    | 4 |  4.5
Dodging        | |  1.5
Stealth        | |  2.1
Spellcasting   | |  2.9

Action                   |  1- 3 |  4- 6 || total
-------------------------+-------+-------++-------
Melee: Unarmed           |     5 |       ||     5
 Cast: Sandblast         |    51 |     6 ||    57
 Abil: Evoke Blink       |     2 |       ||     2
  Use: Potion            |     1 |       ||     1
       Scroll            |     4 |       ||     4
Armor: Robe              |     9 |     3 ||    12
Dodge: Dodged            |    17 |     2 ||    19
